[Event "Team 45 45 League T28"]
[Site "Free Internet Chess Server"]
[Date "2005.10.22"]
[Round "6"]
[White "alfreale"]
[Black "Bijection"]
[Result "0-1"]
[WhiteElo "1591"]
[BlackElo "1480"]
[TimeControl "2700+45"]

1. e4 e5 2. Nf3 d6 3. Bc4 h6 4. d3 Nf6 5. Be3 d5 6. exd5 Nxd5 7. Nxe5 Be6 8. Qd2 Bd6 9. d4 Nc6 10. Nxc6 bxc6 11. Kf1 O-O 12. g3 Nxe3+ 13. fxe3 Bxc4+ 14. Kg2 Bd5+ 15. Kg1 Bxh1 16. Kxh1 c5 17. d5 Qf6 18. Nc3 Qf3+ 19. Kg1 Rae8 20. Re1 Qg4 21. Nd1 h5 22. Nf2 Qg5 23. Nh3 Qg4 24. Nf2 Qg6 25. c4 h4 26. g4 f5 27. Qc2 Qg5 28. Nh3 Qxg4+ 29. Qg2 Qxg2+ 30. Kxg2 f4 31. e4 f3+ 32. Kg1 Rf6 33. Re3 Ref8 34. e5 Rg6+ 35. Kf1 Be7 36. b3 Rg2 37. Ng1 Rxh2 38. Nxf3 Rxa2 39. Kg1 g5 40. Nh2 Rff2 41. Nf1 Rfe2 42. Rf3 Rxe5 43. Ne3 g4 44. Nxg4 Re1+ 45. Rf1 Rxf1+ 46. Kxf1 h3 47. Nf2 Ra1+ 48. Ke2 h2 49. Kf3 h1=Q+ 50. Nxh1 Rxh1 51. Kf4 Rh3 52. Ke5 Bd6+ 53. Ke6 Rxb3 54. Kd7 Rb6 55. Kd8 Rb8+ 56. Kd7 a5 57. Kc6 a4 58. Kd7 a3 59. Kc6 Rd8 60. Kb5 a2 61. Kc6 a1=Q 62. Kb5 c6+ 63. Kb6 Rb8+ 64. Kxc6 Qa6+ 65. Kd7 Qxc4 66. Kxd6 Rd8+ 67. Kc6 Qxd5+ 68. Kb5 c4+ 69. Kb6 Rd6+ 70. Ka7 Qf7+ 71. Kb8 Rd8#   {White checkmated} 0-1

[Event "Team 45 45 League T28"]
[Site "Free Internet Chess Server"]
[Date "2005.10.20"]
[Round "6"]
[White "rgadoury"]
[Black "KlassAct"]
[Result "1/2-1/2"]
[WhiteElo "1400"]
[BlackElo "1399"]
[TimeControl "2700+45"]

1. Nf3 Nf6 2. g3 g6 3. b4 Bg7 4. Bb2 O-O 5. Bg2 d6 6. O-O Nbd7 7. d3 e5 8. Nbd2 Re8 9. h3 Nb6 10. a4 c6 11. c4 Be6 12. Ng5 Nbd7 13. Nxe6 Rxe6 14. Nf3 h6 15. e4 Qc7 16. Bc3 Nh5 17. Bd2 Qb6 18. Kh2 Kh7 19. Rb1 Qd8 20. h4 Re8 21. Qc1 f6 22. g4 Nf4 23. Bxf4 exf4 24. Qxf4 Ne5 25. Nxe5 dxe5 26. Qg3 Qd4 27. Rfd1 Rad8 28. f4 exf4 29. Qxf4 Rd7 30. Qf3 Ree7 31. a5 Qe5+ 32. Kh1 Rd4 33. Rb3 Red7 34. c5 Qe6 35. Rdb1 Qe5 36. Bf1 a6 37. Rc1 Rf7 38. Kg2 Rfd7 39. Rc4   {Game drawn by mutual agreement} 1/2-1/2

[Event "Team 45 45 League T28"]
[Site "Free Internet Chess Server"]
[Date "2005.10.21"]
[Round "6"]
[White "jerryrab"]
[Black "Kamalleo"]
[Result "0-1"]
[WhiteElo "1341"]
[BlackElo "1271"]
[TimeControl "2700+45"]

1. e4 e5 2. f4 Nc6 3. Nf3 d6 4. Bb5 Nf6 5. d3 a6 6. Bxc6+ bxc6 7. fxe5 Ng4 8. O-O h6 9. h3 Nxe5 10. Nxe5 dxe5 11. Qf3 Be6 12. Nd2 Bc5+ 13. Kh1 O-O 14. Nc4 f6 15. Na5 Qd6 16. Nb7 Qe7 17. a3 Bd4 18. c3 Bb6 19. b4 Rab8 20. Na5 Bxa5 21. bxa5 Rb3 22. c4 Qd7 23. Rd1 c5 24. Rd2 Qd4 25. Raa2 Rb1 26. Qd1 Rfb8 27. Kh2 Qe3 28. Rac2 Qf4+ 29. g3 Qe3 30. Re2 Qd4 31. Qd2 R1b3 32. Re3 Rd8 33. Bb2 Qd7 34. Rc3 Rbb8 35. a4 Bxh3 36. Ba3 Rb1 37. Bxc5 Bg4 38. Qc2 Rdb8 39. Ba7 R8b7 40. Bc5 Qf7 41. d4 Qh5+ 42. Kg2 Qh3+ 43. Kf2 Rf1#   {White checkmated} 0-1

[Event "Team 45 45 League T28"]
[Site "Free Internet Chess Server"]
[Date "2005.10.25"]
[Round "6"]
[White "blkmagic"]
[Black "EyeAm"]
[Result "1/2-1/2"]
[WhiteElo "1141"]
[BlackElo "1395"]
[TimeControl "2700+45"]

1. e4 e5 2. Nf3 Nf6 3. Nc3 Nc6 4. Bc4 h6 5. d3 Bb4 6. Qd2 d6 7. a3 Bxc3 8. Qxc3 O-O 9. O-O Bg4 10. Bd5 Nxd5 11. exd5 Ne7 12. Qc4 Bxf3 13. gxf3 Qd7 14. Be3 Nf5 15. Qg4 Rfd8 16. Kh1 Nxe3 17. fxe3 Qxg4 18. fxg4 Rf8 19. b4 b5 20. c4 a6 21. a4 bxa4 22. Rxa4 Rfc8 23. Kg2 f6 24. d4 exd4 25. exd4 Re8 26. Rf4 Re2+ 27. Kg3 Rc2 28. c5 Kf7 29. h4 g5 30. hxg5 hxg5 31. Rf2 Rxf2 32. Kxf2 Kg6 33. Kf3 f5 34. gxf5+ Kxf5 35. b5 g4+ 36. Kg3 Ke4 37. cxd6 cxd6 38. Kxg4 Kxd5 39. bxa6 Kc6 40. Kf5 Kb5   {Game drawn by mutual agreement} 1/2-1/2

[Event "Team 45 45 League T28"]
[Site "Free Internet Chess Server"]
[Date "2005.10.23"]
[Round "6"]
[White "coderbird"]
[Black "chesstalker"]
[Result "0-1"]
[WhiteElo "1448"]
[BlackElo "1419"]
[TimeControl "2700+45"]

1. e4 e5 2. f4 Nc6 3. Nf3 d6 4. Bb5 a6 5. Bxc6+ bxc6 6. d4 exd4 7. Qxd4 Bb7 8. O-O Nf6 9. Nc3 Nd7 10. Ng5 f6 11. Nf3 d5 12. e5 Bc5 13. Qxc5 Nxc5 14. exf6 Qxf6 15. Ne5 O-O 16. Be3 Qd6 17. Kh1 Rad8 18. b4 Ne4 19. Nxe4 dxe4 20. Bc5 Qh6 21. Bxf8 Rxf8 22. f5 Qd6 23. Ng4 Bc8 24. Ne3 Qxb4 25. Rf4 Qd4 26. Re1 Qe5 27. Ref1 Qc5 28. Rxe4 Bxf5 29. Nxf5 Kh8 30. Ng3 Rxf1+ 31. Nxf1 h6 32. h3 Qxc2 33. Ra4 Qxa4   {White resigns} 0-1

[Event "Team 45 45 League T28"]
[Site "Free Internet Chess Server"]
[Date "2005.10.21"]
[Round "6"]
[White "Dreadtower"]
[Black "wekabird"]
[Result "0-1"]
[WhiteElo "1376"]
[BlackElo "1422"]
[TimeControl "2700+45"]

1. e4 c6 2. d4 d5 3. e5 Bf5 4. Nf3 e6 5. Be2 Be7 6. O-O Be4 7. Be3 Bxf3 8. Bxf3 Qb6 9. b3 Nd7 10. c4 c5 11. cxd5 exd5 12. Bxd5 f6 13. e6 Nf8 14. Qg4 g6 15. Qe4 O-O-O 16. dxc5 Bxc5 17. Bxc5 Qxc5 18. Rc1 Qxc1+   {White resigns} 0-1

[Event "Team 45 45 League T28"]
[Site "Free Internet Chess Server"]
[Date "2005.10.22"]
[Round "6"]
[White "Pawns"]
[Black "bahus"]
[Result "1/2-1/2"]
[WhiteElo "1798"]
[BlackElo "1816"]
[TimeControl "2700+45"]

1. e4 e5 2. Nf3 Nf6 3. d4 Nxe4 4. Bd3 d5 5. Nxe5 Bd6 6. O-O O-O 7. c4 c6 8. Nc3 Nxc3 9. bxc3 dxc4 10. Nxc4 Bc7 11. Qh5 g6 12. Qh6 Qf6 13. Ba3 Re8 14. Rfe1 Be6 15. Bd6 Na6 16. Bxc7 Nxc7 17. Nd6 Re7 18. Nxb7 Nd5 19. Na5 Nxc3 20. Qd2 Nd5 21. Nxc6   {Game drawn by mutual agreement} 1/2-1/2

[Event "Team 45 45 League T28"]
[Site "Free Internet Chess Server"]
[Date "2005.10.21"]
[Round "6"]
[White "RomaLavrn"]
[Black "danijelo"]
[Result "0-1"]
[WhiteElo "1805"]
[BlackElo "1826"]
[TimeControl "2700+45"]

1. d4 d5 2. c4 c6 3. e3 Nf6 4. Nc3 e6 5. cxd5 exd5 6. Bd3 Bd6 7. Nf3 Bg4 8. Bd2 Nbd7 9. Rc1 O-O 10. O-O Re8 11. Na4 Ne4 12. Be1 Bxf3 13. Qxf3 Qh4 14. g3 Qh3 15. b4 Re6 16. b5 Rf6 17. Qg2 Qxg2+ 18. Kxg2 Ba3 19. Rc2 Rc8 20. Nc3 Nxc3 21. Bxc3 Nb6 22. Bb2 Bxb2 23. Rxb2 cxb5 24. Rxb5 Rc3 25. Rd1 Ra3 26. Rd2 Re6 27. Bc2 Rc3 28. Bb3 Rd6 29. Rc5 Rc6 30. Bxd5 Nxd5 31. Rxd5 g6 32. Rb2 b6 33. Rd7 Rc7 34. Rxc7 Rxc7 35. Kf3 Kf8 36. Ke4 Ke7 37. Rd2 b5 38. Kd3 Kd6 39. Rc2 Rb7 40. Kc3 a5 41. Kb3 Kd5   {White forfeits by disconnection} 0-1

[Event "Team 45 45 League T28"]
[Site "Free Internet Chess Server"]
[Date "2005.10.21"]
[Round "6"]
[White "MGoo"]
[Black "javamanissa"]
[Result "1-0"]
[WhiteElo "1784"]
[BlackElo "1823"]
[TimeControl "2700+45"]

1. d4 d5 2. c4 c6 3. cxd5 cxd5 4. Nf3 Bf5 5. Nc3 Nf6 6. Qb3 b6 7. Ne5 e6 8. Qb5+ Nbd7 9. Bg5 a6 10. Qb3 Qc7 11. Bf4 Nxe5 12. Bxe5 Bd6 13. Bxd6 Qxd6 14. e3 O-O 15. Be2 b5 16. a3 Rfc8 17. O-O Rc6 18. Rac1 Rac8 19. f3 Nd7 20. Na2 Rxc1 21. Rxc1 Rxc1+ 22. Nxc1 Nb6 23. Nd3 Bxd3 24. Bxd3 Qc6 25. Qd1 Nc4 26. Qc1 Na5 27. Qxc6 Nxc6 28. a4 Na7 29. Kf2 h6 30. e4 dxe4 31. fxe4 Kf8 32. Ke3 Ke7 33. Kd2 Kd6 34. Kc3 Kc6 35. Kb4 bxa4 36. Bxa6 Kb6 37. Be2 Nc6+ 38. Kc3 g6 39. Bd1 Kb5 40. d5 exd5 41. exd5 Nb8 42. Kd4 Nd7 43. d6 h5 44. Kd5 Nb6+ 45. Ke5 Nc4+ 46. Kf6 Nxd6 47. Ke7 a3 48. bxa3 Kc5 49. Bb3 Nf5+ 50. Kxf7 Ne3 51. Kxg6 Nxg2 52. Kxh5 Kd6 53. a4 Kc5 54. Kg5 Kb4 55. a5 Kxa5 56. Bd5 Ne3 57. Be4 Nc4 58. h4 Ne5 59. h5 Kb6 60. Kf6 Ng4+ 61. Kg7 Kc7 62. Bf5 Ne3 63. Bh3   {Black resigns} 1-0

[Event "Team 45 45 League T28"]
[Site "Free Internet Chess Server"]
[Date "2005.10.21"]
[Round "6"]
[White "TedR"]
[Black "Pieris"]
[Result "1-0"]
[WhiteElo "1536"]
[BlackElo "1604"]
[TimeControl "2700+45"]

1. d4 f5 2. c4 Nf6 3. Nc3 g6 4. Nf3 Bg7 5. e3 d6 6. Bd3 O-O 7. O-O Nc6 8. a3 e5 9. d5 Nb8 10. Bc2 e4 11. Nd2 Ng4 12. h3 Ne5 13. Ncxe4 fxe4 14. Bxe4 Nbd7 15. f4 Nf7 16. Rb1 Nh6 17. b4 Nf6 18. Bf3 Nf5 19. Re1 Nh4 20. Bb2 Nxf3+ 21. Qxf3 Re8 22. e4 Nh5 23. Bxg7 Kxg7 24. c5 Bd7 25. Rbc1 Qf6 26. g4 Qd4+ 27. Kh1 Qxd2 28. gxh5 Qd4 29. hxg6 hxg6 30. c6 Bxh3 31. cxb7 Rab8 32. Rxc7+ Kf6 33. e5+ dxe5 34. fxe5+ Kg5 35. Rg1+ Qxg1+ 36. Kxg1   {Black resigns} 1-0

[Event "Team 45 45 League T28"]
[Site "Free Internet Chess Server"]
[Date "2005.10.25"]
[Round "6"]
[White "Nemisis"]
[Black "threeNT"]
[Result "1/2-1/2"]
[WhiteElo "1864"]
[BlackElo "1777"]
[TimeControl "2700+45"]

1. e4 e5 2. Nf3 Nc6 3. Bb5 a6 4. Ba4 Nf6 5. O-O b5 6. Bb3 Be7 7. Re1 O-O 8. h3 d6 9. c3 Na5 10. Bc2 c5 11. d4 Qc7 12. Nbd2 Bb7 13. d5 Bc8 14. b3 c4 15. b4 Nb7 16. a4 Bd7 17. Nf1 Ne8 18. axb5 Bxb5 19. Ng3 g6 20. Bh6 Ng7 21. Ba4 Qd8 22. Re2 Qb6 23. Rea2 Ra7 24. Be3 Nc5 25. bxc5 dxc5 26. Bxb5 Qxb5 27. Nxe5 Rb7 28. Nc6 Bh4 29. Ne2 Ra8 30. Ra5 Qb3 31. Bxc5 Qxd1+ 32. Rxd1 Rb2 33. Ncd4 Re8 34. f3 f5 35. Rxa6 fxe4 36. fxe4 Rxe4 37. Ra8+ Re8 38. Rxe8+ Nxe8 39. Rf1 Nf6 40. d6 Nd7 41. Bb4 Bd8 42. Kf2 Bb6 43. Ke3 Bxd4+ 44. Nxd4 Rxg2 45. Ke4 Rg5 46. Ne6 Re5+ 47. Kd4 Rxe6 48. Kxc4 Re5 49. Kd4 Kg7 50. Rf3 Rb5 51. Re3 Kf6 52. Re7 Nf8 53. Kc4 Rh5 54. Re3 Nd7 55. Kb3 Re5 56. Rxe5 Nxe5 57. c4 Ke6 58. c5 Kd5 59. Kc3 h5 60. Ba3 g5 61. Kd2 Nc4+ 62. Ke2 Kc6 63. Bc1 g4 64. hxg4 hxg4 65. Bf4 Na5 66. Be3 Nb7 67. Kf2 Nxd6 68. cxd6 Kxd6 69. Kg3 Kd5 70. Kxg4   {Neither player has mating material} 1/2-1/2

[Event "Team 45 45 League T28"]
[Site "Free Internet Chess Server"]
[Date "2005.10.24"]
[Round "6"]
[White "FusterCluck"]
[Black "MStav"]
[Result "1/2-1/2"]
[WhiteElo "1649"]
[BlackElo "1695"]
[TimeControl "2700+45"]

1. d4 Nf6 2. Nc3 e6 3. e4 Bb4 4. Bd3 c5 5. dxc5 Bxc5 6. Bg5 Qb6 7. Nh3 d6 8. Na4 Qc7 9. Nxc5 Qxc5 10. Be3 Qc7 11. f4 Nc6 12. Qe2 b6 13. O-O-O Bb7 14. g4 O-O-O 15. g5 Nd7 16. Ba6 Nc5 17. Bxb7+ Qxb7 18. Nf2 Qa6 19. Qxa6+ Nxa6 20. Rd2 Rd7 21. Rhd1 Rhd8 22. h4 Nc7 23. f5 Ne5 24. fxe6 Nxe6 25. Bd4 Nxd4 26. Rxd4 Nf3 27. Rc4+ Rc7 28. Rxc7+ Kxc7 29. Rh1   {Game drawn by mutual agreement} 1/2-1/2

[Event "Team 45 45 League T28"]
[Site "Free Internet Chess Server"]
[Date "2005.10.21"]
[Round "6"]
[White "BIRDSMAN"]
[Black "DreadPirateJosh"]
[Result "0-1"]
[WhiteElo "1645"]
[BlackElo "1652"]
[TimeControl "2700+45"]

1. e4 d6 2. Nf3 Nf6 3. Nc3 g6 4. d4 Bg7 5. h3 O-O 6. Be3 b6 7. Qd2 c5 8. dxc5 bxc5 9. O-O-O Nfd7 10. Bh6 Nc6 11. Bxg7 Kxg7 12. Bb5 Qb6 13. Bxc6 Qxc6 14. Nd5 Re8 15. Qg5 Nf6 16. Rhe1 Be6 17. Nh4 h6 18. Qd2 Qa4 19. a3 Bxd5 20. Nf5+ gxf5 21. exf5 Qh4 22. g4 Qg5 23. f4 Qh4 24. g5 Bf3 25. gxf6+ Qxf6 26. Rg1+ Kh7 27. Rdf1 Rab8 28. c3 Bc6 29. Rg4 Rg8 30. Rfg1 Qxf5 31. Qh2 Rxg4 32. hxg4 Qe4 33. g5 Qg6 34. gxh6 Qxh6 35. Qc2+ Kh8 36. Qf5 Rg8 37. Rxg8+ Kxg8 38. Qc8+ Kg7 39. Qxc6 Qxf4+ 40. Kb1 Kf6 41. Qa8 Qf1+ 42. Ka2 Qc4+ 43. Ka1 a6 44. Qh8+ Ke6 45. Qc8+ Ke5 46. Qh8+ f6 47. Qh5+ Ke6 48. Qh3+ f5 49. Qh6+ Kd5 50. Qg7 Qe4 51. Qg8+ e6 52. Qa8+ Ke5 53. Qh8+ Kf4 54. Qh6+ Kf3 55. Qh3+ Ke2 56. Qh2+ Ke3 57. Qg1+ Kf4 58. Qh2+ Kg4 59. Qg1+ Kh3 60. Qf1+ Qg2 61. Qxa6 f4 62. Qc8 Qg4 63. Qh8+ Kg3 64. Qb8 Qd1+ 65. Ka2 Qd5+ 66. Ka1 f3 67. Qg8+ Kf2 68. Qh8 Ke2 69. Qh2+ f2 70. b4 Qd1+ 71. Kb2 cxb4 72. axb4 Ke1 73. Qg3 Qe2+ 74. Ka3 Kd1 75. Qxd6+ Qd2 76. Qa6 Qxc3+ 77. Ka2 Qxb4 78. Qxe6 f1=Q 79. Qd7+ Qd2+   {White resigns} 0-1

[Event "Team 45 45 League T28"]
[Site "Free Internet Chess Server"]
[Date "2005.10.21"]
[Round "6"]
[White "thelovegambit"]
[Black "twinders"]
[Result "1/2-1/2"]
[WhiteElo "1626"]
[BlackElo "1648"]
[TimeControl "2700+45"]

1. d4 d5 2. Nf3 Nf6 3. c4 Bg4 4. e3 e6 5. Nc3 Bb4 6. a3 Bxc3+ 7. bxc3 dxc4 8. Bxc4 c5 9. O-O cxd4 10. cxd4 O-O 11. Bb2 Nbd7 12. Rc1 Nb6 13. Bd3 Qd5 14. Be2 Rac8 15. Ne5 Rxc1 16. Bxc1 Bxe2 17. Qxe2 Rc8 18. Bb2 Qb3 19. Rc1 Rxc1+ 20. Bxc1 Na4 21. h3 Nc3 22. Qb2 Qxb2 23. Bxb2 Nfd5 24. Bxc3   {Game drawn by mutual agreement} 1/2-1/2

[Event "Team 45 45 League T28"]
[Site "Free Internet Chess Server"]
[Date "2005.10.21"]
[Round "6"]
[White "NBZ"]
[Black "AlefZero"]
[Result "0-1"]
[WhiteElo "1934"]
[BlackElo "2174"]
[TimeControl "2700+45"]

1. d4 e6 2. c4 b6 3. e4 Bb7 4. Nc3 Bb4 5. Bd3 f5 6. Qe2 Nf6 7. Bg5 fxe4 8. Bxe4 Bxe4 9. Bxf6 Qxf6 10. Qxe4 Nc6 11. Nf3 O-O 12. O-O Bxc3 13. bxc3 Rae8 14. Rae1 Na5 15. Qd3 Qf5 16. Qxf5 Rxf5 17. Nd2 Ref8 18. f3 Nc6 19. Nb3 Na5 20. Nd2 Nb7 21. Nb3 Nd6 22. c5 Nc4 23. c6 Kf7 24. cxd7 Rd8 25. Re2 Rxd7 26. Rfe1 Rd6 27. Kf2 Rfd5 28. g4 a5 29. f4 a4 30. Nd2 Nxd2 31. Rxd2 Rc6 32. Rd3 Rb5 33. Re2 a3 34. h3 Rb1 35. Rde3 Rc1 36. d5 exd5 37. Re7+ Kf6 38. g5+ Kg6 39. h4 R1xc3 40. h5+ Kxh5 41. Rxg7 Kg4 42. Rxh7 Kxf4 43. Rd7 Rc2 44. Rxd5 Rxe2+ 45. Kxe2 Rc2+ 46. Kd3 Rxa2 47. Kc3 Rg2 48. Kb3 Rxg5 49. Rd7 Ra5 50. Ka2 c5 51. Rc7 Ke5 52. Rc6 Ra6   {White resigns} 0-1

[Event "Team 45 45 League T28"]
[Site "Free Internet Chess Server"]
[Date "2005.10.22"]
[Round "6"]
[White "ryoshu"]
[Black "Thalagor"]
[Result "0-1"]
[WhiteElo "1889"]
[BlackElo "1879"]
[TimeControl "2700+45"]

1. e4 g6 2. d4 Bg7 3. Ne2 d6 4. Nbc3 Nf6 5. g3 Bg4 6. Bg2 Qc8 7. h3 Bd7 8. Be3 O-O 9. Qd2 e5 10. O-O-O c5 11. d5 b5 12. Rdg1 a5 13. Bh6 a4 14. Kb1 b4 15. Nd1 Na6 16. Bxg7 Kxg7 17. Ne3 c4 18. c3 Nc5 19. Ng4 Bxg4 20. hxg4 Rh8 21. f3 Nd3 22. Nc1 bxc3 23. bxc3 Rb8+ 24. Ka1 Nc5 25. Bh3 Qa6 26. g5 Nh5 27. Bg4 Nb3+ 28. Nxb3 axb3 29. Rb1 Nxg3 30. Rhg1 Ra8 31. Rb2 Nh5 32. Bxh5 gxh5 33. Rg2 Qb7 34. Qe1 Ra4 35. Qh4 Rb8 36. Qe1 h4 37. Rh2 h3 38. Qg1 Qb5 39. Qe1 Qb6 40. Qc1 Kg8 41. Qe1 Rba8 42. Qc1 Rxa2+ 43. Rxa2 Rxa2+ 44. Rxa2 bxa2 45. Qf1 h2 46. Kxa2 Qb3+ 47. Ka1 Qxc3+ 48. Ka2 Qc2+ 49. Ka1 c3   {White resigns} 0-1

[Event "Team 45 45 League T28"]
[Site "Free Internet Chess Server"]
[Date "2005.10.23"]
[Round "6"]
[White "midoekram"]
[Black "Ajmdemen"]
[Result "0-1"]
[WhiteElo "1873"]
[BlackElo "1952"]
[TimeControl "2700+45"]

1. d4 Nf6 2. Nf3 e6 3. c4 b6 4. g3 Ba6 5. b3 Bb4+ 6. Bd2 Be7 7. Bg2 c6 8. Qc2 d5 9. Bf4 Nbd7 10. Nbd2 Nh5 11. Be3 O-O 12. O-O Rc8 13. Rfe1 f5 14. Bh3 g5 15. g4 Ng7 16. Nf1 fxg4 17. Bxg4 h5 18. Bxh5 Nxh5 19. Qg6+ Ng7 20. Nxg5 Bxg5 21. Bxg5 Qe8 22. Qxe8 Rcxe8 23. Ne3 Nf5 24. cxd5 exd5 25. Nxf5 Rxf5 26. f4 Rxe2 27. Rxe2 Bxe2 28. Re1 Bh5 29. Re7 Rf7 30. Re6 c5 31. Rd6 c4 32. bxc4 dxc4 33. Rc6 b5 34. a4 a6 35. Kf2 Bd1 36. a5 Nb8 37. Rg6+ Kh7 38. Rh6+ Kg7 39. Rb6 c3 40. Ke1 c2 41. Kd2 Rc7 42. Kc1 Nc6 43. f5 Nxa5 44. d5 Nb3+ 45. Kb2 c1=Q+   {White resigns} 0-1

[Event "Team 45 45 League T28"]
[Site "Free Internet Chess Server"]
[Date "2005.10.21"]
[Round "6"]
[White "Motyl"]
[Black "motaka"]
[Result "0-1"]
[WhiteElo "1879"]
[BlackElo "1879"]
[TimeControl "2700+45"]

1. e4 e6 2. d4 d5 3. Nd2 Nf6 4. Bd3 c5 5. c3 Nc6 6. Ne2 Qb6 7. e5 Nd7 8. Nf3 cxd4 9. cxd4 f6 10. exf6 Nxf6 11. O-O Bd6 12. a3 O-O 13. b4 e5 14. dxe5 Nxe5 15. Nxe5 Bxe5 16. Be3 Qc7 17. Rc1 Bxh2+ 18. Kh1 Qe5 19. g3 Bg4 20. Kg2 Ne4 21. f4 Qh5 22. Bxe4 dxe4 23. Qb3+ Kh8 24. Ng1 Bxg1 25. Rxg1 Bh3+ 26. Kf2 Qf3+ 27. Ke1 Rad8 28. Rc3 Bg4   {White resigns} 0-1

[Event "Team 45 45 League T28"]
[Site "Free Internet Chess Server"]
[Date "2005.10.21"]
[Round "6"]
[White "Sportsmen"]
[Black "nitedozer"]
[Result "1-0"]
[WhiteElo "2227"]
[BlackElo "1888"]
[TimeControl "2700+45"]

1. e4 d6 2. d4 Nf6 3. Nc3 e5 4. Nf3 Bg4 5. dxe5 Bxf3 6. Qxf3 dxe5 7. Bg5 Nbd7 8. O-O-O c6 9. Bc4 Be7 10. h4 b5 11. Bxf6 Bxf6 12. Nxb5 cxb5 13. Bxb5 O-O 14. Bxd7 Rb8 15. Ba4 Qb6 16. Bb3 a5 17. a4 Rfc8 18. Kb1 Rc7 19. g4   {Black resigns} 1-0

[Event "Team 45 45 League T28"]
[Site "Free Internet Chess Server"]
[Date "2005.10.24"]
[Round "6"]
[White "noHz"]
[Black "Louro"]
[Result "0-1"]
[WhiteElo "1872"]
[BlackElo "2005"]
[TimeControl "2700+45"]

1. e4 c5 2. Nf3 d6 3. d4 cxd4 4. Nxd4 Nf6 5. Nc3 a6 6. Be2 e5 7. Nf3 h6 8. O-O Be6 9. Nd2 Nc6 10. Bc4 b5 11. Bd5 Rc8 12. a3 Be7 13. Nf3 O-O 14. h3 Bxd5 15. exd5 Na5 16. Qe2 Nc4 17. Nd2 Nb6 18. Qd3 Qc7 19. Rd1 Nfd7 20. Nf1 f5 21. Qg3 Kh7 22. f4 e4 23. Ne3 g6 24. Bd2 Qc5 25. Kh1 Nf6 26. Be1 Nh5 27. Qf2 Bf6 28. g3 Nc4 29. Nxc4 Qxf2 30. Bxf2 Rxc4 31. Be1 Bxc3 32. bxc3 Rfc8 33. Kh2 Nf6 34. Kg2 R4c5 35. a4 Nxd5 36. Bf2 e3 37. Be1 e2 38. Rd3 Nxc3 39. axb5 Nxb5 40. Rxa6 Rxc2 41. Re3 R8c7 42. Kf2 Kg7 43. Rb6 Nc3 44. Bxc3+ R2xc3 45. Rxe2 Rd7 46. Rd2 d5 47. Rd4 Kf7 48. h4 h5 49. Ra6 Rc4 50. Rxc4 dxc4 51. Rc6 Rd2+ 52. Ke3 Rd3+ 53. Kf2 c3 54. Kg2 Ke7 55. Kf2 Kd7 56. Rc5 Kd6 57. Rc8 Kd5 58. Rd8+ Kc4 59. Rb8 c2 60. Rc8+ Kb3 61. Rb8+ Ka2 62. Ra8+ Kb2 63. Rb8+ Rb3   {White resigns} 0-1

[Event "Team 45 45 League T28"]
[Site "Free Internet Chess Server"]
[Date "2005.10.22"]
[Round "6"]
[White "adingod"]
[Black "wester"]
[Result "0-1"]
[WhiteElo "1906"]
[BlackElo "1888"]
[TimeControl "2700+45"]

1. d4 Nf6 2. Nf3 g6 3. Bg5 Bg7 4. Nbd2 O-O 5. e4 h6 6. Bh4 d6 7. Bd3 Nbd7 8. O-O e5 9. c3 g5 10. Bg3 Nh5 11. h3 Nf4 12. Bxf4 gxf4 13. Qe2 Kh8 14. Rad1 Qe7 15. Kh2 Rg8 16. dxe5 dxe5 17. Bc4 Nf8 18. Bb3 Ng6 19. Qb5 c6 20. Qb4 Qf6 21. c4 Nh4 22. Nxh4 Qxh4 23. Nf3 Qh5 24. Rd3 Bf6 25. Nd2 Qg6 26. Rg1 Bh4 27. g3 Qe6 28. gxf4 exf4 29. Rxg8+ Kxg8 30. Qd6 Qxd6 31. Rxd6 Be6 32. f3 Be7 33. Rd3 Bc5 34. Nf1 f6 35. Rd2 Kf7 36. a3 Rg8 37. Rg2 Rxg2+ 38. Kxg2 Bd4 39. a4 Bxb2 40. Nh2 b5 41. Ng4 h5 42. Nf2 bxc4 43. Bc2 c3 44. Nd3 Ke7 45. Nxf4 Bf7 46. Kf2 Kd6 47. Ke2 Ke5 48. Ng2 Bc4+ 49. Ke1 Kd4 50. Nf4 Ke3 51. Nxh5 Bd3 52. Kd1 Be2+ 53. Ke1 Bc1 54. Nxf6 Bd2#   {White checkmated} 0-1

[Event "Team 45 45 League T28"]
[Site "Free Internet Chess Server"]
[Date "2005.10.23"]
[Round "6"]
[White "nham"]
[Black "mandragora"]
[Result "0-1"]
[WhiteElo "1841"]
[BlackElo "1810"]
[TimeControl "2700+45"]

1. e4 e5 2. f4 exf4 3. Bc4 Nf6 4. Nc3 c6 5. Bb3 d5 6. exd5 cxd5 7. d4 Bd6 8. Nf3 Qe7+ 9. Ne2 h6 10. O-O g5 11. Re1 Be6 12. Nc3 Bb4 13. Bd2 Bxc3 14. bxc3 O-O 15. c4 Qd6 16. cxd5 Bxd5 17. Bxd5 Qxd5 18. Re5 Qd7 19. Qe1 Nc6 20. c3 Rae8 21. Rxe8 Rxe8 22. Qf1 a6 23. Rd1 Ne4 24. Be1 b5 25. Qd3 Nd6 26. Bf2 Nc4 27. Rd2 Nxd2 28. Nxd2 Qd5 29. Nb3 Qe4 30. Qxe4 Rxe4 31. d5 Ne5 32. d6 Nd7 33. Nc5 Nxc5 34. Bxc5 Re1+ 35. Kf2 Rd1 36. a4 f6 37. axb5 axb5 38. Kf3 h5 39. Ke4 Kf7 40. Bd4 Ke6 41. d7 Rxd4+ 42. Kxd4 Kxd7 43. Kd5 Kc7 44. h4 g4 45. Ke4 f3 46. gxf3 g3 47. Ke3 Kd6 48. f4 g2 49. Kf2 Kd5 50. Kxg2 Ke4 51. Kg3 f5   {White resigns} 0-1